 Dungeon Crawl Stone Soup version 0.28.0-53-g5a82cb258f (webtiles) character file.

Game seed: 5863341345482900772

198 cbfl8 the Chopper (level 5, -1/47 HPs)
             Began as a Hill Orc Fighter on July 21, 2022.
             Slain by a scorpion zombie (4 damage)
             ... on level 5 of the Dungeon.
             The game lasted 00:05:07 (4649 turns).

cbfl8 the Chopper (Hill Orc Fighter)                Turns: 4649, Time: 00:05:08

Health: -1/47      AC:  7    Str: 21    XL:     5   Next: 76%
Magic:  5/5        EV:  9    Int:  8    God:
Gold:   110        SH:  4    Dex: 10    Spells: 4/4 levels left

rFire   + . .      SeeInvis .   a - +0 war axe (drain)
rCold   + . .      Faith    .   c - +0 buckler
rNeg    . . .      Spirit   .   b - +0 scale mail
rPois   +          Reflect  .   (no helmet)
rElec   +          Harm     .   (no cloak)
rCorr   +          Rampage  .   (no gloves)
Will    .....                   (no boots)
Stlth   ..........              (no amulet)
HPRegen 0.15/turn               i - ring of wizardry
MPRegen 0.09/turn               f - ring of poison resistance

@: brilliant, resistant, flying
A: no striking features
a: no special abilities


You were on level 5 of the Dungeon.
You visited 1 branch of the dungeon, and saw 5 of its levels.

You collected 110 gold pieces.

Inventory:

Hand Weapons
 a - a +0 war axe of draining (weapon)
Missiles
 d - a throwing net (quivered)
Armour
 b - a +0 scale mail (worn)
 c - a +0 buckler (worn)
Jewellery
 f - a ring of poison resistance (right hand)
 i - a ring of wizardry (left hand)
Scrolls
 o - a scroll of amnesia


   Skills:
 + Level 4.6 Fighting
 + Level 5.1 Axes
 + Level 4.2 Armour
 + Level 1.0 Dodging
 + Level 0.1 Stealth
 + Level 3.8 Shields


You had 4 spell levels left.
You didn't know any spells.
Your spell library was empty.

Dungeon Overview and Level Annotations

Branches:
Dungeon (5/15)
 Temple: D:4-7

Altars:
Kikubaaqudgha
Vehumet
Wu Jian
Yredelemnul

Annotations:
D:3 Sigmund


Message History

The ogre hits you with a +0 giant spiked club!
* * * LOW HITPOINT WARNING * * *
Your surroundings suddenly seem different. 2 scorpion zombies come into view.
Found a radiant altar of Vehumet.
The scorpion zombie moves out of view.
The scorpion zombie hits you but does no damage.
The scorpion zombie closely misses you.
You slash the scorpion zombie!
The scorpion zombie is heavily damaged.
The scorpion zombie hits you.
* * * LOW HITPOINT WARNING * * *
The scorpion zombie hits you.
* * * LOW HITPOINT WARNING * * *
You barely miss the scorpion zombie.
The scorpion zombie is heavily damaged.
The scorpion zombie closely misses you.
You slash the scorpion zombie!
The scorpion zombie is severely damaged.
The scorpion zombie hits you.
* * * LOW HITPOINT WARNING * * *
You aren't carrying any potions.
As you read the scroll labelled VEFAROF COZUCK, it crumbles to dust.
It is a scroll of amnesia.
You feel forgetful for a moment. The scorpion zombie hits you.
* * * LOW HITPOINT WARNING * * *
You have no spells to forget!
As you read the scroll labelled TESESTR ZUICZO, it crumbles to dust.
It is a scroll of brand weapon.
Your +0 war axe craves living souls!
a - a +0 war axe of draining (weapon)
You block the scorpion zombie's attack.
You hit the scorpion zombie.
The scorpion zombie is severely damaged.
The scorpion zombie hits you.
* * * LOW HITPOINT WARNING * * *
The scorpion zombie hits you but does no damage.
You barely miss the scorpion zombie.
The scorpion zombie is severely damaged.
The scorpion zombie hits you.
You die...

#######.#
#........
#.# #@# #Z#
#Z######.
#........
##........
#...#.#.#.
#..........
#..#...#...
#.. .#...#.


You could see 2 scorpion zombies.

Vanquished Creatures
  A scorpion (D:3)
  3 adders
  4 gnolls (D:2)
  2 worms
  3 dart slugs (D:3)
  3 orcs (D:3)
  9 endoplasms
  3 giant cockroaches
  4 goblins
  7 hobgoblins
  3 kobolds
  2 quokkas
  10 ball pythons
  4 bats
  A frilled lizard (D:3)
  4 rats
  A spectral kobold (D:2)
  A spectral orc (D:3)
  A bush (D:3)
66 creatures vanquished.

Notes
Turn   | Place    | Note
-------+----------+-------------------------------------------
     0 | D:1      | cbfl8 the Hill Orc Fighter began the quest for the Orb.
     0 | D:1      | Reached XP level 1. HP: 19/19 MP: 1/1
   336 | D:1      | Reached XP level 2. HP: 26/27 MP: 2/2
   391 | D:1      | You fall into a shaft and drop 1 floor!
   935 | D:1      | Reached XP level 3. HP: 31/33 MP: 3/3
   976 | D:1      | Reached skill level 3 in Axes
  2125 | D:2      | Reached skill level 4 in Axes
  2125 | D:2      | Reached XP level 4. HP: 40/40 MP: 4/4
  2580 | D:2      | Found a faded altar of an unknown god.
  2971 | D:3      | Noticed Sigmund
  3464 | D:3      | Reached XP level 5. HP: 47/47 MP: 5/5
  3497 | D:3      | Reached skill level 5 in Axes
  3497 | D:3      | Reached skill level 1 in Dodging
  4073 | D:3      | Found an ornate altar of the Wu Jian Council.
  4081 | D:3      | Noticed a spectral centipede
  4081 | D:3      | Noticed a spectral black mamba
  4081 | D:3      | Noticed a spectral cane toad
  4284 | D:3      | Found a basalt altar of Yredelemnul.
  4587 | D:4      | Found an ancient bone altar of Kikubaaqudgha.
  4595 | D:4      | Noticed an ogre
  4616 | D:5      | Entered Level 5 of the Dungeon
  4618 | D:5      | Noticed an ice beast
  4632 | D:5      | Noticed an ogre
  4635 | D:5      | Found a radiant altar of Vehumet.
  4649 | D:5      | Slain by a scorpion zombie

Illustrated notes

Levels and vault maps discovered:
D:1:      wheals_arrival_linesprint, layout_loops_ring, serial_co_window_serial,
          co_window_corner_a, co_window_corner_a, co_window_paths_a,
          co_window_paths_b, co_window_paths_a, co_window_of_opportunity_c,
          co_window_of_opportunity_c, co_window_unsneaky_path_d,
          co_window_corner_ca, co_window_paths_e, glass_columns_a
D:2:      layout_basic, dreamdust_ecumenical_altar_drowned_temple
D:3:      layout_basic, pdpol_wu_jian_five_deadly_venoms,
          yredelemnul_forgotten_temple_becter, minmay_hedge_maze, uniq_sigmund
D:4:      layout_basic, mainiacjoe_overflow_cross_hatched,
          general_overflow_altar, dk_vineyard_3, uniq_ijyb
D:5:      layout_basic, kennysheep_mini_moat, nicolae_vehumet_radiance

Skill      XL: |  1  2  3  4  5 |
---------------+----------------+-----
Fighting       | 4 |  4.6
Axes           | 4 5 |  5.1
Armour         | 4 |  4.2
Dodging        | 1 |  1.0
Stealth        | |  0.1
Shields        | |  3.8

Action                   |  1- 3 |  4- 6 || total
-------------------------+-------+-------++-------
Melee: War axe           |   106 |   128 ||   234
  Use: Potion            |       |     6 ||     6
       Scroll            |       |     6 ||     6
Armor: Scale mail        |    57 |    31 ||    88
Dodge: Dodged            |    49 |    45 ||    94
Block: Buckler           |    31 |    25 ||    56
